 Dungeon Crawl Stone Soup version 0.20.1-1-g8b1a95d (webtiles) character file.

89 raph the Firebug (level 4, -1/33 HPs)
             Began as a Hill Orc Fire Elementalist on July 25, 2017.
             Slain by a gnoll
             ... wielding a +0 spear
              (4 damage)
             ... on level 2 of the Dungeon.
             The game lasted 00:06:30 (2137 turns).

raph the Firebug (Hill Orc Fire Elementalist)       Turns: 2137, Time: 00:06:30

Health: -1/33      AC:  3    Str: 10    XL:     4   Next: 55%
Magic:  1/6        EV: 12    Int: 16    God:
Gold:   58         SH:  0    Dex: 11    Spells: 0/6 levels left

rFire    . . .     SeeInvis .   s - +0 dagger (vamp)
rCold    . . .     Gourm    .   (no shield)
rNeg     . . .     Faith    .   a - +0 robe
rPois    .         Spirit   .   q - +0 helmet
rElec    .         Reflect  .   (no cloak)
rCorr    .         Harm     .   (no gloves)
MR       .....                  (no boots)
Stlth    ++........             (no amulet)
Regen    0.2/turn               (no ring)
MPRegen  0.1/turn               (no ring)

@: very slightly contaminated
A: no striking features
a: no special abilities


You were on level 2 of the Dungeon.
You were not hungry.

You visited 1 branch of the dungeon, and saw 2 of its levels.

You collected 58 gold pieces.

Inventory:

Hand Weapons
 l - a +0 dagger
 s - a +0 vampiric dagger (weapon)
Missiles
 o - 6 exploding tomahawks (quivered)
Armour
 a - a +0 robe (worn)
 q - a +0 helmet (worn)
Scrolls
 f - a scroll of amnesia {unknown}
 g - a scroll of blinking {unknown}
 j - 2 scrolls of identify {unknown}
 k - a scroll of remove curse {unknown}
 m - a scroll of teleportation {unknown}
Potions
 d - 2 potions of might {unknown}
 e - 2 potions of curing {unknown}
 h - a potion of flight {unknown}
 n - a potion of agility {unknown}
 p - a potion of berserk rage {unknown}
 t - a potion of heal wounds {unknown}
 u - a potion of resistance {unknown}
Books
 b - a book of Flames

   Spells                             Type                      Level
   a - Flame Tongue                   Conjuration/Fire             1
   b - Throw Flame                    Conjuration/Fire             2
   c - Conjure Flame                  Conjuration/Fire             3
   d - Inner Flame                    Hexes/Fire                   3
   e - Sticky Flame                   Conjuration/Fire             4
   f - Fireball                       Conjuration/Fire             5
Comestibles
 c - 2 bread rations
 i - a royal jelly
 v - a meat ration


   Skills:
 - Level 1.5 Dodging
 - Level 1.5 Stealth
 + Level 1.8 Spellcasting
 + Level 1.5 Conjurations
 * Level 5.3 Fire Magic


You couldn't memorise any spells.
You knew the following spells:

 Your Spells              Type           Power        Failure   Level  Hunger
a - Flame Tongue          Conj/Fire      ##...        5%          1    ##.....
b - Throw Flame           Conj/Fire      ##....       8%          2    ###....
c - Conjure Flame         Conj/Fire      ##......     16%         3    ####...


Dungeon Overview and Level Annotations

Branches:
Dungeon (2/15)

Altars:


Message History

You hit the gnoll but do no damage.
The gnoll is almost dead.
The gnoll hits you but does no damage.
You closely miss the gnoll.
The gnoll is severely wounded.
The gnoll hits you with a spear.
* * * LOW HITPOINT WARNING * * *
You barely miss the gnoll.
The gnoll is severely wounded.
The gnoll closely misses you.
You closely miss the gnoll.
The gnoll is severely wounded.
The gnoll completely misses you.
You hit the gnoll but do no damage.
The gnoll is severely wounded.
The gnoll barely misses you.
You hit the gnoll.
You feel better.
The gnoll is almost dead.
The gnoll hits you with a spear.
You die...

#..>...##.##.#..###.#
#......##.......###.####
#.#.##.##..............#
#.#.##..g..............#
#.#.##.##g##.#.........#
#.#.##.##..............#
#.#.##........##..(....#
#...........<.##.......#
###)###........g@).....#
#รท# #.......###......#
#)# #.......#........#
#.# #.......#.#.##...#
#)# #.......#.#......#
#.# #########.#..##..#
#.# #........# #.#
####)##### #.#
############.#


You could see a gnoll.

Vanquished Creatures
  Robin (D:2)
  3 gnolls
  An adder (D:1)
  3 bats (D:1)
  A giant cockroach (D:1)
  12 goblins
  8 hobgoblins
  3 frilled lizards (D:1)
  4 kobolds (D:1)
  3 rats (D:1)
39 creatures vanquished.

Notes
Turn   | Place    | Note
-------+----------+-------------------------------------------
     0 | D:1      | raph the Hill Orc Fire Elementalist began the quest for the Orb.
     0 | D:1      | Reached XP level 1. HP: 14/14 MP: 3/3
   273 | D:1      | Reached XP level 2. HP: 19/20 MP: 2/4
   306 | D:1      | Learned a level 2 spell: Throw Flame
   327 | D:1      | Reached skill level 4 in Fire Magic
   948 | D:1      | Reached XP level 3. HP: 18/26 MP: 0/5
  1303 | D:2      | Noticed Robin
  1519 | D:2      | Killed Robin
  1519 | D:2      | Reached skill level 5 in Fire Magic
  1746 | D:2      | Reached XP level 4. HP: 33/33 MP: 2/6
  1910 | D:2      | Learned a level 3 spell: Conjure Flame
  2133 | D:2      | HP: 1/33 [gnoll/spear (3)]
  2137 | D:2      | Slain by a gnoll

Skill      XL: |  1  2  3 |
---------------+----------+-----
Fire Magic     | 4 5 |  5.3
Dodging        | |  1.5
Stealth        | |  1.5
Spellcasting   | |  1.8
Conjurations   | |  1.5

Action                   |  1- 3 |  4- 6 || total
-------------------------+-------+-------++-------
Melee: Dagger            |    37 |    10 ||    47
 Cast: Flame Tongue      |    50 |    18 ||    68
       Throw Flame       |     4 |     1 ||     5
       Conjure Flame     |       |     1 ||     1
  Eat: Chunk             |     4 |     2 ||     6
       Bread ration      |       |     1 ||     1
Armor: Robe              |     7 |     1 ||     8
Dodge: Dodged            |    42 |     9 ||    51
